Map: Ruins of Seras

Players

Soundwave - Winner!

  • Race: Zerg Zerg

A.I. 1 (Hard)

  • Race: Terran Terran

VOD

Have the link to the VOD?

Description

Time

  • Played on: Nov. 15, 2015, 10:01 a.m.
  • Length: 18:16
Show
View Real Time Build Order
Export as new Build Order

Soundwave Zerg - Winner!

Build Orders: Hatch First, Swarm Host 

Get SALT Encoding   

  12  0:05  Drone  
  13  0:19  Drone  
  13  0:21  Overlord  
  14  0:45  Hatchery  
  14  0:47  Drone  
  14  1:05  Drone  
  14  1:06  Drone x2  
  14  1:10  Extractor  
  16  1:23  Spawning Pool  
  16  1:24  Drone  
  16  1:41  Drone  
  16  1:42  Drone  
  18  1:56  Drone  
  18  1:58  Overlord  
  19  2:10  Queen  
  19  2:12  Queen  
  19  2:14  Overlord  
  23  2:21  Drone  
  23  2:22  Drone  
  25  2:25  Drone  
  26  2:30  Metabolic Boost  
  26  2:33  Zergling x2  
  27  2:38  Zergling x2  
  28  3:07  Extractor  
  28  3:08  Drone  
  28  3:09  Drone x2  
  30  3:19  Roach Warren  
  28  3:35  Drone x3  
  28  3:36  Drone x3  
  28  3:37  Drone  
  28  3:40  Queen  
  37  3:42  Spine Crawler  
  36  3:49  Drone x3, Spine Crawler  
  36  3:53  Drone  
  39  4:03  Lair  
  39  4:09  Drone x3  
  42  4:13  Overlord  
  42  4:31  Drone x2  
  42  4:32  Drone x3  
  47  4:44  Baneling Nest  
  46  4:47  Drone x2  
  48  4:56  Extractor  
  47  5:00  Extractor  
  46  5:07  Infestation Pit  
  46  5:11  Hydralisk Den  
  44  5:14  Evolution Chamber  
  44  5:17  Drone  
  44  5:18  Evolution Chamber, Drone x3  
  46  5:35  Hatchery, Zergling x8  
  48  5:36  Zergling x6  
  52  5:43  Overlord x3  
  52  5:44  Overlord x3  
  52  6:01  Queen  
  54  6:07  Drone x5  
  59  6:12  Baneling x5  
  59  6:13  Baneling x7  
  59  6:14  Baneling x2  
  59  6:24  Zerg Melee Weapons Level 1  
  59  6:25  Zerg Ground Armor Level 1  
  58  7:05  Drone x6  
  58  7:06  Drone x7  
  58  7:07  Drone x3  
  74  7:13  Spore Crawler  
  73  7:16  Spore Crawler  
  73  7:18  Spore Crawler  
  71  7:24  Roach  
  71  7:25  Roach x3  
  79  7:42  Roach x3, Zergling x4  
  79  7:43  Zergling x6  
  89  8:06  Muscular Augments  
  89  8:07  Hive  
  89  8:14  Spire, Glial Reconstitution  
  89  8:18  Zerg Melee Weapons Level 2  
  88  8:22  Zerg Ground Armor Level 2  
  88  8:28  Hydralisk x5  
  88  8:29  Hydralisk x3  
  104  8:52  Drone  
  104  8:53  Drone  
  104  8:54  Overlord  
  104  8:55  Overlord x5  
  105  9:28  Hydralisk  
  105  9:29  Corruptor x3  
  105  9:30  Corruptor, Hydralisk x4  
  123  9:33  Tunneling Claws  
  123  9:42  Extractor  
  123  9:43  Extractor  
  102  10:09  Roach x2  
  102  10:10  Roach x7  
  102  10:11  Roach x6  
  132  10:14  Hatchery  
  125  10:28  Roach x2, Zergling x6  
  117  10:34  Zerg Missile Weapons Level 1  
  117  10:54  Queen  
  119  11:01  Extractor  
  118  11:04  Extractor  
  117  11:12  Drone  
  117  11:13  Drone x2  
  117  11:14  Drone x3  
  117  11:15  Drone  
  124  11:29  Queen  
  126  11:57  Overlord x6  
  126  11:58  Overlord x3  
  126  12:01  Overseer  
  126  12:05  Zerg Melee Weapons Level 3, Queen  
  126  12:06  Adrenal Glands  
  128  12:11  Greater Spire  
  128  12:12  Ultralisk Cavern  
  128  12:14  Lurker Den  
  127  12:34  Swarm Host x3  
  127  12:35  Swarm Host x2  
  154  12:42  Zergling x2  
  154  12:43  Zergling x14  
  154  12:44  Zergling x10  
  162  13:13  Burrow  
  136  13:33  Zergling x2  
  136  13:34  Zergling x20  
  141  13:35  Zergling x24  
  141  13:36  Zergling x4  
  161  13:53  Brood Lord x3  
  161  13:54  Brood Lord  
  187  14:43  Baneling x4  
  187  14:44  Baneling x6  
  187  14:45  Baneling x4  
  187  14:51  Ravager x6  
  193  14:54  Ravager  
  193  14:56  Zergling x2  
  193  14:57  Zergling x10  
  200  15:05  Hatchery  
  183  15:43  Corruptor x4  
  183  15:44  Corruptor x4  
  178  16:03  Corruptor x2  
  176  16:04  Corruptor  
  177  16:14  Roach x2, Zergling x6  
  177  16:15  Zergling x14  
  177  16:16  Zergling x6  
  153  16:40  Corruptor x2  
  153  16:41  Corruptor x2  
  156  16:52  Zergling x10  
  156  16:53  Zergling x6  
  152  17:04  Corruptor  
  152  17:05  Corruptor x2  
Show
View Real Time Build Order
Export as new Build Order

A.I. 1 (Hard) Terran 

Build Orders: Bio Tank, MMM Bio 

Get SALT Encoding   

  12  0:00  SCV  
  13  0:13  SCV  
  14  0:19  Supply Depot  
  14  0:25  SCV  
  15  0:41  SCV  
  16  0:45  Barracks  
  16  0:53  SCV  
  17  1:05  SCV  
  18  1:20  Command Center  
  18  1:31  Orbital Command  
  18  1:32  Marine  
  19  1:41  Supply Depot  
  19  1:48  Refinery  
  19  1:49  Marine  
  20  1:57  SCV  
  21  2:02  Barracks  
  21  2:09  SCV  
  21  2:10  Refinery  
  21  2:15  Marine  
  23  2:30  SCV  
  24  2:38  Marine  
  24  2:42  SCV  
  26  2:44  Factory  
  26  2:49  Marine  
  27  2:57  Barracks Tech Lab  
  27  3:00  Refinery  
  27  3:07  Marine  
  27  3:08  SCV  
  27  3:11  SCV  
  30  3:15  Marine  
  31  3:20  SCV  
  31  3:23  SCV  
  31  3:26  Barracks Tech Lab  
  33  3:27  Hellion  
  33  3:32  Factory  
  35  3:39  Marauder  
  37  3:48  Starport  
  37  3:49  Factory Tech Lab  
  37  3:55  Starport  
  37  4:05  Marauder  
  39  4:16  Supply Depot, Factory Tech Lab  
  39  4:17  Reaper  
  40  4:24  Starport Tech Lab  
  40  4:27  SCV  
  40  4:30  SCV, Siege Tank  
  45  4:32  Starport Tech Lab  
  45  4:39  SCV  
  45  4:42  SCV  
  45  4:43  Stimpack  
  47  4:51  SCV  
  47  4:52  Supply Depot  
  48  4:54  SCV  
  48  4:57  Combat Shields  
  49  5:03  SCV  
  49  5:06  SCV  
  51  5:10  Engineering Bay  
  51  5:15  SCV  
  51  5:19  SCV  
  53  5:22  Marine  
  53  5:27  SCV  
  55  5:32  Supply Depot, SCV  
  55  5:34  Marine  
  57  5:37  Terran Infantry Weapons Level 1  
  57  5:39  SCV  
  58  5:44  SCV  
  58  5:45  Marine  
  60  5:53  SCV  
  60  5:57  SCV, Supply Depot, Marauder  
  64  6:05  SCV  
  64  6:09  Marauder  
  67  6:13  Refinery  
  67  6:16  Concussive Shells  
  67  6:19  SCV  
  67  6:20  SCV, Marauder  
  67  6:21  Supply Depot  
  71  6:31  SCV, Reaper  
  73  6:36  Missile Turret  
  73  6:38  Missile Turret  
  73  6:42  SCV, Missile Turret, Raven  
  73  6:43  Hellion  
  73  6:44  SCV, Supply Depot  
  79  6:51  Missile Turret  
  78  6:54  SCV, Siege Tank  
  78  6:56  SCV  
  78  6:59  Bunker  
  83  7:06  Siege Tank, Raven  
  83  7:08  SCV x2  
  89  7:10  Sensor Tower  
  89  7:12  Supply Depot  
  89  7:14  Bunker  
  90  7:20  Armory  
  90  7:23  Barracks  
  90  7:31  Terran Infantry Armor Level 1  
  90  8:11  Barracks Reactor  
  90  9:08  Medivac x2  
  90  9:09  Marine  
  95  9:10  Supply Depot, Terran Vehicle Weapons Level 1  
  95  9:12  Marine  
  95  9:14  Engineering Bay  
  95  9:16  Marine  
  97  9:19  Command Center  
  97  9:20  Marine  
  97  9:25  Terran Infantry Weapons Level 2  
  97  9:27  Marine  
  97  9:28  Ghost Academy  
  97  9:30  Marine  
  98  9:34  Reaper  
  98  9:35  Supply Depot  
  98  9:38  Raven, Medivac  
  99  9:39  Terran Infantry Armor Level 2  
  99  9:41  Fusion Core  
  103  9:52  Armory  
  103  9:58  Marauder  
  97  10:01  Marine  
  97  10:05  Reaper  
  99  10:19  Ghost  
  99  10:20  Marine  
  101  10:24  Marine  
  93  10:32  SCV  
  93  10:33  SCV  
  93  10:35  SCV  
  83  10:37  Raven, Marine  
  83  10:38  Marine  
  83  10:39  Terran Ship Weapons Level 1  
  83  10:42  Refinery, Marine  
  83  10:44  SCV  
  83  10:46  SCV, Missile Turret  
  83  10:47  SCV, Missile Turret  
  83  10:48  Marine  
  83  10:49  Refinery  
  87  10:55  Marine  
  87  10:56  SCV, Marine  
  90  10:58  SCV  
  90  11:00  Marine  
  90  11:04  Terran Vehicle And Ship Armor Level 1  
  92  11:05  SCV  
  92  11:06  Marauder  
  92  11:08  SCV, Bunker  
  96  11:13  Marauder  
  98  11:27  Marauder  
  100  11:35  Marauder  
  102  11:48  Command Center  
  102  12:40  Widow Mine  
  104  12:44  Supply Depot  
  104  12:46  Battlecruiser  
  104  12:51  Siege Tank  
  113  12:56  Banshee  
  113  12:57  Terran Infantry Weapons Level 3  
  116  13:01  Reaper  
  117  13:06  Reaper  
  117  13:11  Siege Tank  
  118  13:13  Refinery  
  118  13:16  Missile Turret  
  118  13:17  Reaper, Terran Infantry Armor Level 3  
  118  13:18  Missile Turret  
  118  13:19  SCV  
  112  13:20  Supply Depot  
  112  13:22  Marine  
  112  13:23  Refinery  
  99  13:32  Widow Mine  
  99  13:33  Marauder  
  103  13:38  Raven  
  103  13:40  Bunker  
  105  13:43  Marine, Widow Mine  
  105  13:47  Terran Vehicle Weapons Level 2  
  105  13:48  Marine  
  109  13:53  SCV, Marine  
  110  13:58  Marauder  
  112  14:03  Marine  
  112  14:08  Battlecruiser, Weapon Refit  
  119  14:13  Widow Mine  
  119  14:15  Terran Vehicle And Ship Armor Level 2  
  121  14:21  Banshee  
  124  14:48  Drilling Claws  
  124  15:05  Battlecruiser  
  130  15:12  High Capacity Fuel Tanks  
  130  15:13  Battlecruiser  
  136  15:34  Neosteel Frame, Marine  
  132  15:40  Marine  
  132  15:42  SCV  
  99  15:44  Hellion  
  99  15:46  SCV  
  99  15:47  SCV  
  99  15:48  Marauder  
  83  15:51  Hellion  
  83  15:54  SCV  
  83  15:56  Reaper  
  81  15:58  SCV  
  81  15:59  SCV  
  81  16:01  Marine  
  79  16:05  Hellion  
  79  16:08  Raven  
  79  16:10  SCV, Reaper  
  81  16:11  SCV  
  81  16:17  Viking  
  76  16:18  Supply Depot  
  76  16:19  Marine  
  76  16:22  SCV  
  76  16:23  SCV  
  76  16:24  Marine  
  77  16:29  Marine  
  71  16:34  SCV  
  71  16:35  SCV  
  71  16:37  Reaper  
  73  16:42  Marine  
  73  16:45  Marine  
  73  16:46  SCV  
  67  16:48  SCV  
  67  16:50  Widow Mine  
  67  16:51  Armory  
  67  16:54  Supply Depot  
  63  16:55  Siege Tank  
  63  16:58  SCV  
  63  17:00  SCV  
  66  17:04  Starport Tech Lab  
  53  17:14  Command Center  
  37  17:25  Orbital Command  
  37  17:27  Hellion  
  38  17:36  Barracks  
  29  17:46  Command Center  
  29  17:48  Supply Depot  
  28  17:53  Supply Depot  
Tags
 
Add a new tag
Caveats
  • Supply blocks, unpowered buildings, or Contaminate may cause inaccurate times.
  • Supply counts are checked every 10 seconds.